 Dungeon Crawl Stone Soup version 0.28-a0-465-ge2dae52223 (webtiles) character file.

Game seed: 8288207427856631784

221 siradein the Skirmisher (level 5, -2/53 HPs)
             Began as a Troll Fighter on Sept 14, 2021.
             Slain by an orc (4 damage)
             ... on level 4 of the Dungeon.
             The game lasted 00:03:39 (2278 turns).

siradein the Skirmisher (Troll Fighter)             Turns: 2278, Time: 00:03:40

Health: -2/53      AC:  4    Str: 24    XL:     5   Next: 65%
Magic:  4/4        EV:  8    Int:  4    God:
Gold:   153        SH:  7    Dex: 10    Spells: 4/4 levels left

rFire   + . .      SeeInvis .   a - +0 flail
rCold   . . .      Faith    .   c - +0 kite shield
rNeg    . . .      Spirit   .   b - +0 robe
rPois   .          Reflect  .   (helmet restricted)
rElec   .          Harm     .   (no cloak)
rCorr   .          Rampage  .   (gloves unavailable)
Will    .....                   (boots unavailable)
Stlth   +.........              (no amulet)
HPRegen 1.17/turn               o - ring of protection from fire
MPRegen 0.09/turn               (no ring)

@: lethally poisoned (-2 -> -17)
A: large, unfitting armour, claws 3, regeneration 1, shaggy fur 1, tough skin 1
a: no special abilities


You were on level 4 of the Dungeon.
You visited 1 branch of the dungeon, and saw 5 of its levels.

You collected 153 gold pieces.

Inventory:

Hand Weapons
 a - a +0 flail (weapon)
Missiles
 j - 4 javelins (quivered)
Armour
 b - a +0 robe (worn)
 c - a +0 kite shield (worn)
Jewellery
 o - a ring of protection from fire (left claw)
Scrolls
 e - 2 scrolls of fog {unknown}
 g - a scroll of fear {unknown}
 l - a scroll of immolation {unknown}
 m - 2 scrolls of identify {unknown}
 p - 2 scrolls of teleportation {unknown}
Potions
 d - a potion of might
 f - a potion of degeneration {unknown}
 h - a potion of invisibility {unknown}
 i - 3 potions of lignification {unknown}
 k - 2 potions of brilliance {unknown}
 n - a potion of heal wounds {unknown}
 q - a potion of attraction {unknown}


   Skills:
 + Level 3.4 Fighting
 + Level 3.0 Maces & Flails
 + Level 3.3 Dodging
 + Level 3.3 Shields


You had 4 spell levels left.
You didn't know any spells.
Your spell library contained the following spells:

 Spells                   Type           Power      Damage    Failure   Level
 Call Canine Familiar     Summ           0%         N/A       99%         3
 Portal Projectile        Hex/Tloc       0%         N/A       99%         3
 Leda's Liquefaction      Hex/Erth       0%         N/A       100%        4


Dungeon Overview and Level Annotations

Branches:
Dungeon (5/15)
 Temple: D:4-7

Altars:

Shops:
D:1 !


Innate Abilities, Weirdness & Mutations

You are too large for most types of armour.
You have claws for hands.
Your natural rate of healing is unusually fast.
You are covered in fur. (AC +1)
You have tough skin. (AC +1)


Message History

An orc comes into view. It is wielding a +0 short sword.
You feel very sick.
The orc shouts!
The orc priest casts a cantrip, but nothing happens.
You block the hobgoblin's attack.
You feel very sick. The orc priest closely misses you.
You block the orc's attack.
You hit the orc priest.
The orc priest is moderately wounded.
You feel very sick. The orc barely misses you.
The orc priest hits you with a +0 whip.
The orc hits you with a +2 dagger of venom.
You are more poisoned.
You block the hobgoblin's attack. The orc hits you with a +0 club.
The orc priest closely misses you.
You hit the orc priest.
The orc priest is heavily wounded.
You feel very sick. The orc closely misses you.
You block the hobgoblin's attack. The orc hits you with a +0 club.
The orc priest calls down the wrath of Beogh upon you.
Beogh smites you!
* * * LOW HITPOINT WARNING * * *
The orc hits you with a +2 dagger of venom.
* * * LOW HITPOINT WARNING * * *
You are more poisoned.
You block the hobgoblin's attack.
You hit the orc priest.
The orc priest is severely wounded.
* * * LOW HITPOINT WARNING * * *
You feel very sick. The orc hits you but does no damage.
The orc priest hits you with a +0 whip.
* * * LOW HITPOINT WARNING * * *
The orc hits you with a +2 dagger of venom.
* * * LOW HITPOINT WARNING * * *
You are more poisoned.
The hobgoblin hits you.
* * * LOW HITPOINT WARNING * * *
The orc hits you with a +0 club.
You die...

#.......#.....#........
.##.............#........
................#........
....#...........###.#####
..........:.....# #.#
................# #.#
................###.#
........o........##.#
.......g@...####..#.#
#......ooo....###.#.#
###.....Z..##.#.....#
#......>..#.#..........
..!........# #.$...#####
###.................#
#.........#.......#
#.............#....#
#.........##........


You could see an orc priest, 3 orcs, a hobgoblin and an adder skeleton.

Vanquished Creatures
  A phantom (D:5)
  A hound (D:4)
  An orc priest (D:4)
  A worm (D:2)
  2 dart slugs
  7 bats
  6 endoplasms
  3 giant cockroaches
  8 goblins
  5 hobgoblins
  15 jackals
  2 quokkas
  7 ball pythons
  3 frilled lizards
  6 kobolds
  2 rats
70 creatures vanquished.

Vanquished Creatures (others)
  A plant (D:4)
1 creature vanquished.

Grand Total: 71 creatures vanquished

Notes
Turn   | Place    | Note
-------+----------+-------------------------------------------
     0 | D:1      | siradein the Troll Fighter began the quest for the Orb.
     0 | D:1      | Reached XP level 1. HP: 22/22 MP: 0/0
   111 | D:1      | Reached XP level 2. HP: 29/29 MP: 1/1
   306 | D:1      | Reached XP level 3. HP: 36/36 MP: 2/2
   608 | D:1      | Found Qetrek's Distillery.
  1621 | D:3      | Reached XP level 4. HP: 44/44 MP: 3/3
  2082 | D:4      | Reached XP level 5. HP: 53/53 MP: 4/4
  2096 | D:4      | Noticed a phantom
  2114 | D:5      | Entered Level 5 of the Dungeon
  2254 | D:5      | Killed a phantom
  2278 | D:4      | HP: 2/53 [hobgoblin (2)]
  2278 | D:4      | Slain by an orc

Illustrated notes

Levels and vault maps discovered:
D:1:      saegor_arrival_simple_b, layout_loops_cross, serial_shops, shop,
          kennysheep_boxes
D:2:      layout_loops_ring
D:3:      layout_basic
D:4:      layout_rooms, mainiacjoe_overflow_six_doors_small, minivault_1,
          corexii_shack
D:5:      layout_loops_ring, minmay_temple_entry_hall,
          hangedman_abyss_or_decor_lesser_grid, uniq_pikel, uniq_duvessa

Skill      XL: |  1  2  3  4  5 |
---------------+----------------+-----
Maces & Flails | 2 3 |  3.0
Fighting       | 3 |  3.4
Dodging        | 3 |  3.3
Shields        | 3 |  3.3

Action                   |  1- 3 |  4- 6 || total
-------------------------+-------+-------++-------
Melee: Flail             |   150 |    81 ||   231
 Stab: Sleeping          |     1 |     2 ||     3
Armor: Robe              |    74 |    45 ||   119
Dodge: Dodged            |    78 |    71 ||   149
Block: Kite shield       |    84 |    59 ||   143

Table legend: (Time is in decaauts)
 A = Elapsed time spent in this place.
 B = Non-inter-level travel time spent in this place.
 C = Inter-level travel time spent in this place.
 D = Time resting spent in this place.
 E = Time spent auto-exploring this place.
 F = Levels seen in this place.
 G = Mean time per level.
                   A        B        C        D        E       F      G
               +--------+--------+--------+--------+--------+-----+--------+
         Total |   2390 |   2320 |     70 |    111 |   1612 |   5 |  478.0 |
       Dungeon |   2390 |   2320 |     70 |    111 |   1612 |   5 |  478.0 |
               +--------+--------+--------+--------+--------+-----+--------+

Top non-repeatable levels by time:
     D:1: 884 daAuts
     D:2: 660 daAuts
     D:3: 530 daAuts
     D:5: 169 daAuts
     D:4: 144 daAuts
